 Dungeon Crawl Stone Soup version 0.28-a0-1404-g4df0f3684d (webtiles) character file.

Game seed: 4738259093646434310

9 HallandMoats the Covered (level 2, -1/25 HPs)
             Began as a Djinni Fighter on Jan 5, 2022.
             Was a Follower of Okawaru.
             Slain by a quokka (2 damage)
             ... on level 1 of the Dungeon.
             The game lasted 00:00:24 (315 turns).

HallandMoats the Covered (Djinni Fighter)            Turns: 315, Time: 00:00:25

Health: -1/25      AC:  6    Str: 15    XL:     2   Next: 20%
Gold:   36         EV:  8    Int:  9    God:    Okawaru [*.....] SH:  4 Dex: 12

rFire   + + .      SeeInvis .   a - +0 war axe
rCold   x . .      Faith    .   c - +0 buckler
rNeg    . . .      Spirit   .   b - +0 scale mail
rPois   ∞          Reflect  .   (no helmet)
rElec   .          Harm     .   (no cloak)
rCorr   .          Rampage  .   (no gloves)
Will    .....                   (boots unavailable)
Stlth   ..........              (no amulet)
HPRegen 0.08/turn               (no ring)
MPRegen 0.00/turn               (no ring)

@: flying
A: sickness immunity, fire resistance 2, cold vulnerability 1, float, innate
caster, hp casting, extra vitality 1
a: Renounce Religion, Heroism


You were on level 1 of the Dungeon.
You worshipped Okawaru.
Okawaru was aware of your devotion.
You visited 1 branch of the dungeon, and saw 1 of its levels.

You collected 36 gold pieces.

Inventory:

Hand Weapons
 a - a +0 war axe (weapon)
Armour
 b - a +0 scale mail (worn)
 c - a +0 buckler (worn)
Scrolls
 f - a scroll of holy word {unknown}
Potions
 d - a potion of might
 e - a potion of curing {unknown}


   Skills:
 + Level 3.1 Fighting
 + Level 1.7 Axes
 + Level 3.1 Armour
 + Level 0.4 Dodging
 + Level 3.1 Shields
 + Level 0.4 Invocations


You had one spell level left.
You didn't know any spells.
Your spell library was empty.

Dungeon Overview and Level Annotations

Branches:
Dungeon (1/15)

Altars:
Okawaru


Innate Abilities, Weirdness & Mutations

You are immune to sickness and miasma.
You are immune to poison.
Your flesh is very heat resistant. (rF++)
You are vulnerable to cold. (rC-)
You float through the air rather than walking.
You learn spells naturally, not from books.
Your magical power is your life essence.
You have superior vitality. (+4 MHP)


Message History

There are monsters nearby!
You are too injured to fight recklessly!
There are monsters nearby!
You are too injured to fight recklessly!
There are monsters nearby!
You are too injured to fight recklessly!
There are monsters nearby!
You are too injured to fight recklessly!
There are monsters nearby!
You barely miss the kobold.
The kobold is moderately wounded.
You completely miss the hobgoblin. The kobold barely misses you.
The hobgoblin hits you. You block the kobold's attack. The hobgoblin hits you.
* * * LOW HITPOINT WARNING * * *
You hit the kobold.
You kill the kobold!
You closely miss the hobgoblin. The hobgoblin hits you.
* * * LOW HITPOINT WARNING * * *
You have reached level 2!
You hit the hobgoblin.
You kill the hobgoblin!
You see here a hobgoblin corpse.
A rat comes into view.
There is a faded altar of an unknown god here.
You cannot tell which god this altar belongs to.
Convert to them anyway?
Okawaru accepts your prayer! Okawaru welcomes you!
You can now gain great but temporary skills.
A quokka comes into view.
The quokka moves out of view.
You closely miss the rat. The rat bites you.
* * * LOW HITPOINT WARNING * * *
You slash the rat!
You kill the rat!
Okawaru accepts your kill.
The quokka bites you but does no damage.
You barely miss the quokka. The quokka bites you.
* * * LOW HITPOINT WARNING * * *
You closely miss the quokka. The quokka bites you.
You die...

P♣. ... ♣ ♣P# ###.####
.P ..# ####......# #.P.
..###......##.# .....
......###P....####.....#
......##..PP.._.@r.....#
......###.....####.....#
..###.)....#..####.....#
..# ###.†.........# ####
..# #)......###.# ..#
#.##..#.# ..# #.........
#.# ####..##.## #.# #...
...


You could see a quokka.

Vanquished Creatures
  A giant cockroach (D:1)
  A hobgoblin (D:1)
  A kobold (D:1)
  A ball python (D:1)
  A frilled lizard (D:1)
  2 goblins (D:1)
  2 rats (D:1)
9 creatures vanquished.

Notes
Turn   | Place    | Note
-------+----------+-------------------------------------------
     0 | D:1      | HallandMoats the Djinni Fighter began the quest for the
                  | Orb.
     0 | D:1      | Reached XP level 1. HP: 20/20 MP: 0/0
   289 | D:1      | Found a faded altar of an unknown god.
   300 | D:1      | Reached XP level 2. HP: 3/25 MP: 0/0
   309 | D:1      | Prayed at the altar of an unknown god.
   309 | D:1      | Became a worshipper of Warmaster Okawaru
   309 | D:1      | Reached * piety under Okawaru
   314 | D:1      | HP: 1/25 [quokka (1)]
   315 | D:1      | Slain by a quokka

Illustrated notes

Levels and vault maps discovered:
D:1:      dpeg_arrival_leaves_temple_mockup, layout_loops_cross, serial_forest,
          infiniplex_forest_end_1, infiniplex_forest_pool,
          infiniplex_forest_clump_curved, infiniplex_forest_zigzag_1,
          infiniplex_forest_clump_tiny, infiniplex_forest_clump_tiny,
          infiniplex_forest_end_3, infiniplex_forest_clump_medium,
          basic_ecumenical_altar, minmay_misc_feat_ornament, minmay_tromino_v4_c

Action                   || total
-------------------------++-------
Melee: War axe           ||    26
Armor: Scale mail        ||    12
Dodge: Dodged            ||     8
Block: Buckler           ||     5

Table legend: (Time is in decaauts)
 A = Elapsed time spent in this place.
 B = Non-inter-level travel time spent in this place.
 C = Inter-level travel time spent in this place.
 D = Time resting spent in this place.
 E = Time spent auto-exploring this place.
 F = Levels seen in this place.
 G = Mean time per level.
                   A        B        C        D        E       F      G
               +--------+--------+--------+--------+--------+-----+--------+
         Total |    326 |    326 |      0 |      0 |    261 |   1 |  326.0 |
       Dungeon |    326 |    326 |      0 |      0 |    261 |   1 |  326.0 |
               +--------+--------+--------+--------+--------+-----+--------+

Top non-repeatable levels by time:
     D:1: 326 daAuts
